 Dungeon Crawl Stone Soup version 0.28-a0-1518-gbe868bca14 (webtiles) character file.

Game seed: 9147704684955056113

64 comborobin the Sneak (level 3, -1/30 HPs)
             Began as a Draconian Brigand on Jan 16, 2022.
             Succumbed to Sigmund's poison
             ... on level 3 of the Dungeon.
             The game lasted 00:01:55 (2177 turns).

comborobin the Sneak (Draconian Brigand)            Turns: 2177, Time: 00:01:56

Health: -1/30      AC:  6    Str: 13    XL:     3   Next: 91%
Magic:  3/3        EV: 11    Int: 13    God:
Gold:   119        SH:  5    Dex: 12    Spells: 2/2 levels left

rFire   + . .      SeeInvis .   a - +2 dagger
rCold   . . .      Faith    .   (no shield)
rNeg    . . .      Spirit   .   (armour unavailable)
rPois   .          Reflect  +   (helmet restricted)
rElec   .          Harm     .   b - +0 cloak
rCorr   .          Rampage  .   (no gloves)
Will    .....                   (no boots)
Stlth   ++........              f - amulet of reflection
HPRegen 0.10/turn               k - ring of protection from fire
MPRegen 0.08/turn               (no ring)

@: lethally poisoned (-1 -> -22)
A: AC +5, unfitting armour, cold-blooded
a: no special abilities


You were on level 3 of the Dungeon.
You visited 1 branch of the dungeon, and saw 3 of its levels.

You collected 119 gold pieces.

Inventory:

Hand Weapons
 a - a +2 dagger (weapon)
Missiles
 c - 7 poisoned darts (quivered)
 d - 2 curare-tipped darts
Armour
 b - a +0 cloak (worn)
Jewellery
 f - an amulet of reflection (around neck)
 k - a ring of protection from fire (left hand)
Scrolls
 e - 4 scrolls of fog {unknown}
 l - a scroll of teleportation {unknown}
Potions
 i - a potion of might
 j - a potion of curing {unknown}


   Skills:
 + Level 2.5 Fighting
 - Level 2.0 Short Blades
 - Level 1.7 Throwing
 + Level 1.2 Dodging
 - Level 3.6 Stealth
 + Level 3.1 Unarmed Combat


You had 2 spell levels left.
You didn't know any spells.
Your spell library was empty.

Dungeon Overview and Level Annotations

Branches:
Dungeon (3/15)

Altars:
Ru

Annotations:
D:3 Sigmund


Innate Abilities, Weirdness & Mutations

Your plain brown scales are hard. (AC +5)
You cannot fit into any form of body armour.
You are cold-blooded and may be slowed by cold attacks.


Message History

Press: ? - help, Q - select action, (/) - cycle Shift-Dir - straight line, f - Sigmund
Aim: Sigmund, wielding a +5 scythe of venom and wearing a +0 robe (silenced, 53% to hit)
You throw a poisoned dart. The poisoned dart hits Sigmund.
Sigmund is poisoned.
Unknown command.
Unknown command.
You block Sigmund's attack.
You closely miss Sigmund.
Sigmund is lightly wounded.
Sigmund drinks a potion.
Sigmund seems to speed up.
You hit Sigmund.
Sigmund is lightly wounded.
Sigmund looks more healthy.
Sigmund says something but you don't hear anything.
Sigmund hits you with a +5 scythe of venom.
You are poisoned.
You hit Sigmund but do no damage.
Sigmund is lightly wounded.
You feel very sick.
Sigmund hits you with a +5 scythe of venom.
You are more poisoned.
Okay, then.
Unknown command.
It was a potion of might.
You feel very mighty all of a sudden.
You feel very sick.
Sigmund hits you with a +5 scythe of venom!
* * * LOW HITPOINT WARNING * * *
You are more poisoned.
Okay, then.
You puncture Sigmund!
Sigmund is heavily wounded.
* * * LOW HITPOINT WARNING * * *
You feel very sick. You block Sigmund's attack.
Unknown command.
It was a potion of cancellation.
Your magical effects are unravelling.
You feel magically purged.
You feel a little less mighty now.
Your hearing returns.
You die...

#............###.....
#..................##
#............##......
###............##......
..............##......
.###.......[....##......
................##......
#....!$......##......
#..@@........##......
................##......
#.................##....
..#.#.#.#.#.#.#.#.##....
.....#.#..........##....
....#.#.#...#.#.#.##....
#..................#....
.[...##
.##.#..#.#.....#.#..'....
......#
...................#....


You could see Sigmund (fast).

Vanquished Creatures
  3 adders (D:2)
  A dart slug (D:1)
  2 ball pythons
  5 bats
  2 endoplasms
  A giant cockroach (D:1)
  2 hobgoblins (D:2)
  4 frilled lizards
  5 goblins
  5 kobolds
  6 rats
36 creatures vanquished.

Notes
Turn   | Place    | Note
-------+----------+-------------------------------------------
     0 | D:1      | comborobin the Draconian Brigand began the quest for the
                  | Orb.
     0 | D:1      | Reached XP level 1. HP: 17/17 MP: 1/1
    32 | D:1      | Reached skill level 1 in Unarmed Combat
   100 | D:1      | Reached XP level 2. HP: 24/24 MP: 2/2
   436 | D:1      | Found a faded altar of an unknown god.
  1049 | D:2      | Reached XP level 3. HP: 29/29 MP: 3/3
  1065 | D:2      | Found a sacrificial altar of Ru.
  1550 | D:2      | Reached skill level 1 in Dodging
  2166 | D:3      | Noticed Sigmund
  2177 | D:3      | Succumbed to Sigmund's poison

Illustrated notes

Levels and vault maps discovered:
D:1:      erik_arrival_cave_to_civilisation [erik_arrival_cave_to_temple],
          layout_loops_ring, chequers_ecumenical_altar_island
D:2:      layout_loops_ring, basic_altar
D:3:      layout_basic, mainiacjoe_overflow_boulevard, hangedman_decor_riveting,
          kennysheep_minor_cross, kennysheep_generic_room_8, uniq_sigmund

Skill      XL: |  1  2  3 |
---------------+----------+-----
Unarmed Combat | 1 2 3 |  3.1
Dodging        | 1 |  1.2
Fighting       | |  2.5
Short Blades   | |  2.0
Throwing       | |  1.7
Stealth        | |  3.6

Action                   || total
-------------------------++-------
Melee: Dagger            ||   102
       Tailslap          ||     7
       Punch             ||     1
Throw: Dart              ||     1
  Use: Potion            ||     2
       Scroll            ||     1
 Stab: Sleeping          ||     3
Armor: Skin              ||    39
Dodge: Dodged            ||    45
Block: Other             ||    14

Table legend: (Time is in decaauts)
 A = Elapsed time spent in this place.
 B = Non-inter-level travel time spent in this place.
 C = Inter-level travel time spent in this place.
 D = Time resting spent in this place.
 E = Time spent auto-exploring this place.
 F = Levels seen in this place.
 G = Mean time per level.
                   A        B        C        D        E       F      G
               +--------+--------+--------+--------+--------+-----+--------+
         Total |   2175 |   2145 |     30 |    317 |   1545 |   3 |  725.0 |
       Dungeon |   2175 |   2145 |     30 |    317 |   1545 |   3 |  725.0 |
               +--------+--------+--------+--------+--------+-----+--------+

Top non-repeatable levels by time:
     D:2: 1080 daAuts
     D:1: 848 daAuts
     D:3: 246 daAuts
